 Dungeon Crawl Stone Soup version 0.29.0-4-gdea44cf6ec (webtiles) character file.

Game seed: 12699835250513960308

75 qw the Chopper (level 4, 0/26 HPs)
             Began as a Tengu Warper on Aug 28, 2022.
             Slain by a gnoll bouda
             ... wielding a +0 club
              (6 damage)
             ... on level 4 of the Dungeon.
             The game lasted 00:00:12 (2103 turns).

qw the Chopper (Tengu Warper)                       Turns: 2103, Time: 00:00:12

Health: 0/26       AC:  3    Str: 13    XL:     4   Next: 31%
Magic:  8/8        EV: 12    Int: 14    God:
Gold:   164        SH:  0    Dex: 13    Spells: 7/7 levels left

rFire   . . .      SeeInvis .   Y - +0 hand axe
rCold   + . .      Faith    .   (no shield)
rNeg    . . .      Spirit   .   b - +0 leather armour
rPois   +          Reflect  .   (helmet restricted)
rElec   .          Harm     .   (no cloak)
rCorr   .          Rampage  .   (no gloves)
Will    .....                   (boots unavailable)
Stlth   +.........              (no amulet)
HPRegen 0.08/turn               e - ring of protection from cold
MPRegen 0.11/turn               a - ring of poison resistance

@: weakened
A: beak, talons 3
a: no special abilities


You were on level 4 of the Dungeon.
You visited 1 branch of the dungeon, and saw 4 of its levels.

You collected 164 gold pieces.


Innate Abilities, Weirdness & Mutations

You have a beak for a mouth.
You have claws for feet.


   Skills:
 - Level 2.0 Fighting
 + Level 4.9 Axes
 - Level 1.0 Throwing
 - Level 1.1 Armour
 - Level 2.1 Dodging
 - Level 2.0 Spellcasting
 - Level 2.4 Translocations


You had 7 spell levels left.
You didn't know any spells.
Your spell library contained the following spells:

 Spells                   Type           Power      Damage    Failure   Level
 Blink                    Tloc           16%        N/A       17%         2
 Gell's Gravitas          Tloc           8%         N/A       34%         3
 Lesser Beckoning         Tloc           8%         N/A       34%         3
 Teleport Other           Tloc           8%         N/A       34%         3
 Manifold Assault         Tloc           8%         N/A       97%         5

Inventory:

Hand Weapons
 g - a +0 mace
 Y - a +0 hand axe (weapon)
Armour
 b - a +0 leather armour (worn)
Jewellery
 a - a ring of poison resistance (right hand)
 e - a ring of protection from cold (left hand)
Scrolls
 c - a scroll of identify
 d - a scroll of fog {unknown}
 f - a scroll of poison {unknown}
Potions
 h - a potion of heal wounds {unknown}
 k - 2 potions of curing
 l - a potion of mutation {unknown}

Dungeon Overview and Level Annotations

Branches:
Dungeon (3/15)

Altars:
Nemelex Xobeh


Message History

A sourceless malevolence fills the Dungeon...
You fall into a shaft and drop 1 floor!
The shaft crumbles and collapses.
f - a scroll labelled FETTIB NAS Existing waypoints: (1) D:2 (2) D:3 Assign waypoint to what number? (0-9, D - delete waypoint) Waypoint 1 re-assigned from D:2 to D:4.
Enter note: A gnoll bouda and a gnoll come into view.
The gnoll moves out of view.
A gnoll comes into view. It is wielding a +0 whip.
The gnoll bouda shouts!
The gnoll shouts!
You hear a shout! x2
A gnoll comes into view. It is wielding a +0 flail.
A kobold comes into view. It is wielding a +0 club.
The gnoll shouts!
The kobold shouts!
The gnoll bouda gazes fiercely through you!
You feel your attacks grow feeble.
The gnoll bouda hits you with a +0 club!
The kobold moves out of view.
You hit the gnoll bouda but do no damage.
Your kick misses the gnoll bouda. You closely miss the gnoll bouda.
Your kick misses the gnoll bouda. You hit the gnoll.
The gnoll bouda barks out a call to the hunt!
The gnolls pick up the pace!
The gnoll closely misses you.
The gnoll hits you from afar with a +0 spear.
You hit the gnoll but do no damage. You claw the gnoll.
The gnoll is moderately wounded.
You barely miss the gnoll bouda.
The gnoll bouda calls upon its god to heal the gnoll.
The gnoll's wounds heal themselves!
The gnoll barely misses you.
The gnoll hits you from afar with a +0 spear.
You hit the gnoll bouda but do no damage.
You peck the gnoll bouda.
The gnoll bouda is lightly wounded.
You hit the gnoll but do no damage. The gnoll completely misses you.
The gnoll hits you with a +0 flail!
The gnoll bouda hits you with a +0 club.
You die...

..## ..... ### #...
...######..
..........#
..........## #
...........## ..
............## ...
......g@.....###....
..####gg###.........
#gK## ##........
#... #...#####.
..... #..## ......
#..# ..##... ..## ..
#... ###


You could see a gnoll bouda, 3 gnolls and a kobold.

Vanquished Creatures
  3 adders
  2 dart slugs (D:1)
  An orc (D:3)
  4 ball pythons
  7 bats
  3 endoplasms (D:1)
  4 giant cockroaches
  2 goblins
  4 hobgoblins
  A jackal (D:1)
  A quokka (D:1)
  4 frilled lizards
  3 kobolds (D:1)
  2 rats (D:1)
41 creatures vanquished.

Notes
Turn   | Place    | Note
-------+----------+-------------------------------------------
     0 | D:1      | qw the Tengu Warper began the quest for the Orb.
     0 | D:1      | Reached XP level 1. HP: 12/12 MP: 4/4
     0 | D:1      | 0 ||| qw: Version: 0.1-a-89-g26bdef1
     0 | D:1      | 0 ||| qw: Game counter: 1682
     0 | D:1      | 0 ||| qw: Always use a shield: true
     0 | D:1      | 0 ||| qw: God list: Okawaru
     0 | D:1      | 0 ||| qw: Allow faded altars: false
     0 | D:1      | 0 ||| qw: Do Orc after D:15 true
     0 | D:1      | 0 ||| qw: Do second Lair branch before Depths: true
     0 | D:1      | 0 ||| qw: Lair rune preference: random
     0 | D:1      | 0 ||| qw: Plans: Normal
     0 | D:1      | 0 ||| PLANNING D:1-11
    90 | D:1      | 90 ||| Stepping ~*~*~tactically~*~*~ (stealth).
   117 | D:1      | Found a faded altar of an unknown god.
   171 | D:1      | Reached XP level 2. HP: 15/17 MP: 6/6
   188 | D:1      | Reached skill level 3 in Axes
   246 | D:1      | 246 ||| Stepping ~*~*~tactically~*~*~ (hiding).
   457 | D:1      | 457 ||| Stepping ~*~*~tactically~*~*~ (stealth).
   652 | D:1      | Reached XP level 3. HP: 21/21 MP: 7/7
   736 | D:1      | Reached skill level 4 in Axes
   821 | D:1      | 821 ||| UPGRADING to ring of protection from cold.
   822 | D:1      | 822 ||| READING scroll labelled CIUREQ BOTHRAHAMP.
   823 | D:1      | 823 ||| DRINKING 2 viscous cyan potions.
   924 | D:1      | 924 ||| DRINKING 3 ruby potions.
   925 | D:1      | 925 ||| DROPPING scroll of blinking.
   926 | D:1      | 926 ||| DROPPING potion of ambrosia.
  1009 | D:2      | HP: 5/21 [poisoned by an adder]
  1012 | D:2      | HP: 2/21 [poisoned by an adder]
  1188 | D:2      | 1188 ||| Stepping ~*~*~tactically~*~*~ (stealth).
  1189 | D:2      | 1189 ||| Stepping ~*~*~tactically~*~*~ (stealth).
  1196 | D:2      | 1196 ||| Stepping ~*~*~tactically~*~*~ (stealth).
  1198 | D:2      | 1198 ||| Stepping ~*~*~tactically~*~*~ (stealth).
  1310 | D:2      | Reached XP level 4. HP: 7/26 MP: 8/8
  1615 | D:2      | Found a sparkling altar of Nemelex Xobeh.
  1682 | D:2      | 1682 ||| Stepping ~*~*~tactically~*~*~ (hiding).
  1683 | D:2      | 1683 ||| Stepping ~*~*~tactically~*~*~ (hiding).
  1823 | D:2      | 1823 ||| UPGRADING to ring of poison resistance.
  1824 | D:2      | 1824 ||| READING 3 scrolls labelled KACUWO QEZAFAC.
  1825 | D:2      | 1825 ||| DRINKING 3 grey potions.
  1826 | D:2      | 1826 ||| READING 2 scrolls of identify.
  1826 | D:2      | 1826 ||| IDENTIFYING fuming clear potion
  1827 | D:2      | 1827 ||| DROPPING potion of flight.
  1828 | D:2      | 1828 ||| DROPPING 2 potions of brilliance.
  2088 | D:3      | You fall into a shaft and drop 1 floor!
  2103 | D:4      | HP: 6/26 [gnoll/+0 flail[a gnoll bouda] (10)]
  2103 | D:4      | Slain by a gnoll bouda

Levels and vault maps discovered:
D:1:      ncdulo_watergridlock, layout_rooms,
          hellmonk_ecumenical_altar_leap_of_faith, minmay_tall_x
D:2:      layout_rooms, basic_altar, serial_bayou_pond_d
D:3:      layout_loops_corners, nicolae_overflow_crystal_walls, wad_orctagon
D:4:      layout_layer_cave, minmay_temple_entry_grid, uniq_natasha

Skill      XL: |  1  2  3 |
---------------+----------+-----
Axes           | 3 4 |  4.9
Fighting       | |  2.0
Throwing       | |  1.0
Armour         | |  1.1
Dodging        | |  2.1
Spellcasting   | |  2.0
Translocations | |  2.4

Action                   |  1- 3 |  4- 6 || total
-------------------------+-------+-------++-------
Melee: Hand axe          |    87 |    23 ||   110
       Kick              |    12 |     3 ||    15
       Peck              |     7 |     2 ||     9
       Punch             |     1 |       ||     1
Throw: Boomerang         |     7 |       ||     7
  Use: Potion            |     2 |     1 ||     3
       Scroll            |     1 |     2 ||     3
Armor: Leather armour    |    24 |     4 ||    28
Dodge: Dodged            |    54 |    13 ||    67

Table legend:
 A = Non-vault XP
 B = Vault XP
 C = Vault XP percentage of total XP
 D = Non-vault monster count
 E = Vault monster count
 F = Vault count percentage of total count
                 A         B        C        D         E       F
            +---------+---------+-------+---------+---------+-------
      Total |     102 |       6 |   5.6 |      37 |       4 |   9.8
            +---------+---------+-------+---------+---------+-------
        D:1 |      44 |       6 |  12.0 |      24 |       4 |  14.3
        D:2 |      41 |       0 |   0.0 |      11 |       0 |   0.0
        D:3 |      17 |       0 |   0.0 |       2 |       0 |   0.0
            +---------+---------+-------+---------+---------+-------
